 Dungeon Crawl Stone Soup version 0.29.1-12-g30fa7ad0bf (webtiles) character file.

Game seed: 15661922605228889775

2670 croobank the Conjurer (level 9, -3/69 HPs)
             Began as a Demonspawn Conjurer on Dec 18, 2022.
             Slain by a gnoll sergeant
             ... wielding a +0 halberd
              (11 damage)
             ... in a bailey.
             The game lasted 00:28:20 (8546 turns).

croobank the Conjurer (Demonspawn Conjurer)         Turns: 8546, Time: 00:28:21

Health: -3/69      AC:  8    Str: 11    XL:     9   Next: 37%
Magic:  7/16       EV:  6    Int: 25    God:
Gold:   396        SH:  0    Dex: 15    Spells: 9/17 levels left

rFire   . . .      SeeInvis .   h - +3 dagger (venom)
rCold   . . .      Faith    .   (no shield)
rNeg    . . .      Spirit   .   e - +2 ring mail {rPois}
rPois   +          Reflect  .   (helmet restricted)
rElec   .          Harm     .   u - +0 cloak "Benanate" {Regen+ rCorr Str+2 Dex+4}
rCorr   +          Rampage  .   (no gloves)
Will    .....                   (no boots)
Stlth   ++........              (no amulet)
HPRegen 1.01/turn               (no ring)
MPRegen 0.15/turn               (no ring)

@: held, hasted, very quick
A: horns 2, spiny 2, big brain 1, demonic magic 1
a: no special abilities


You were in a bailey.
You visited 2 branches of the dungeon, and saw 8 of its levels.
You also visited: Bailey.

You collected 448 gold pieces.
You spent 52 gold pieces at shops.

Inventory:

Hand Weapons
 g - a +0 flail
 h - a +3 dagger of venom (weapon)
 m - a +1 whip of freezing
 v - a +0 arbalest
 w - a +0 war axe
 x - a +0 falchion
 A - a +2 dagger of speed
 F - a +0 broad axe
 I - a +0 morningstar
Missiles
 t - 3 throwing nets
Armour
 d - a +0 buckler
 e - a +2 ring mail of poison resistance (worn)
 u - the +0 cloak "Benanate" (worn) {Regen+ rCorr Str+2 Dex+4}
   (You acquired it on level 5 of the Dungeon)

   Str:       It affects your strength (+2).
   Dex:       It affects your dexterity (+4).
   Regen:     It increases your rate of health regeneration.
   rCorr:     It protects you from acid and corrosion.
 E - a +2 leather armour of willpower
Jewellery
 a - a ring of see invisible
Wands
 q - a wand of polymorph (3)
 y - a wand of iceblast (4)
 C - a wand of flame (11)
Scrolls
 c - 4 scrolls of teleportation
 z - a scroll of vulnerability
 B - a scroll of amnesia
 G - a scroll of butterflies
 H - a scroll of identify
Potions
 b - a potion of magic
 f - 3 potions of berserk rage
 i - a potion of cancellation
 j - 2 potions of flight
 k - 3 potions of ambrosia
 l - a potion of might
 n - a potion of heal wounds
 o - 2 potions of degeneration
 p - a potion of lignification
 r - a potion of haste
 s - 3 potions of curing
 D - a potion of attraction


   Skills:
 - Level 6.1 Fighting
 - Level 4.9 Dodging
 - Level 5.3 Stealth
 - Level 4.9 Spellcasting
 - Level 6.4 Conjurations
 - Level 4.0 Hexes
 - Level 0.8 Translocations
 + Level 0.9 Air Magic
 + Level 1.0 Poison Magic


You had 9 spell levels left.
You knew the following spells:

 Your Spells              Type           Power      Damage    Failure   Level
a - Magic Dart            Conj           100%       1d8       1%          1
b - Searing Ray           Conj           76%        2d7       2%          2
c - Dazzling Flash        Conj/Hex       64%        N/A       7%          3
d - Poisonous Vapours     Pois/Air       22%        N/A       21%         2

Your spell library contained the following spells:

 Spells                   Type           Power      Damage    Failure   Level
 Sting                    Tmut/Pois      32%        1d4       16%         1
 Fulminant Prism          Conj/Hex       16%        3d11      24%         4
 Iskenderun's Mystic Bla  Conj/Tloc      24%        2d7       41%         4
 Olgreb's Toxic Radiance  Pois           11%        N/A       78%         4


Dungeon Overview and Level Annotations

Branches:
Dungeon (7/15)             Temple (1/1) D:4          Bailey (1/1)

Altars:
Ashenzari
Cheibriados
Dithmenos
Fedhas
Hepliaklqana
Kikubaaqudgha
Makhleb
Nemelex Xobeh
Okawaru
Qazlal
Ru
Trog
Uskayaw
Xom
Yredelemnul

Shops:
D:2 :   D:4 ([?([

Annotations:
D:6 3 runed translucent doors, hawla's ghost, novice MeAE


Innate Abilities, Weirdness & Mutations

You have a pair of horns on your head.
You are mostly covered in sharp spines.
You have an unusually large brain. (Int +2)
Spells you cast may paralyse adjacent enemies.


Message History

The gnoll sergeant barely misses you.
The gnoll hits you from afar with a +0 spear.
You struggle against the net.
The gnoll sergeant barely misses you.
The gnoll hits you from afar with a +0 spear.
You struggle against the net.
The gnoll sergeant hits you from afar with a +0 glaive!
The gnoll hits you but does no damage.
You struggle against the net.
The gnoll sergeant is no longer paralysed.
The gnoll sergeant hits you from afar with a +0 glaive.
* * * LOW HITPOINT WARNING * * *
The gnoll sergeant is struck by your spines.
The gnoll sergeant hits you with a +0 halberd.
* * * LOW HITPOINT WARNING * * *
The gnoll completely misses you.
You struggle against the net.
The gnoll sergeant hits you from afar with a +0 glaive!
* * * LOW HITPOINT WARNING * * *
The gnoll barely misses you.
The gnoll sergeant hits you with a +0 halberd.
* * * LOW HITPOINT WARNING * * *
Your magical contamination has completely faded away.
Okay, then.
You feel much better.
The gnoll sergeant hits you from afar with a +0 glaive.
* * * LOW HITPOINT WARNING * * *
The gnoll sergeant is struck by your spines.
The gnoll sergeant closely misses you. The gnoll barely misses you.
You feel much better.
The gnoll sergeant hits you from afar with a +0 glaive!
The gnoll sergeant hits you with a +0 halberd!
* * * LOW HITPOINT WARNING * * *
The gnoll hits you from afar with a +0 spear.
* * * LOW HITPOINT WARNING * * *
You feel yourself speed up.
The gnoll is no longer blind.
The gnoll sergeant barely misses you.
The gnoll hits you from afar with a +0 spear.
* * * LOW HITPOINT WARNING * * *
The gnoll sergeant hits you with a +0 halberd!
You die...

##+## ##...##
##.....##
#..g....#
#..$8g..#
#.)@g...#
##.....##
##...## ##'##
#...# #...#
#...#
######'''######.
................


You could see 2 gnoll sergeants and a gnoll.

Vanquished Creatures
  2 water moccasins (D:6)
  Duvessa (D:6)
  An ice beast (D:3)
  An orc warrior (D:4)
  A sky beast (D:4)
  2 black bears
  2 ogres
  A centaur (D:5)
  3 bullfrogs
  3 necrophages
  3 scorpions
  Dowan (D:6)
  3 howler monkeys
  6 hounds
  2 jellies
  2 orc priests (D:4)
  Terence (D:2)
  4 orc wizards
  Ijyb (D:5)
  8 iguanas
  9 gnolls
  9 adders
  A shadow imp (D:6)
  An ufetubus (D:5)
  4 worms
  19 orcs
  9 endoplasms
  8 giant cockroaches
  7 goblins
  7 hobgoblins
  4 jackals (D:3)
  5 kobolds
  7 ball pythons
  6 bats
  3 frilled lizards
  2 rats
149 creatures vanquished.

Vanquished Creatures (others)
  4 plants (D:5)
4 creatures vanquished.

Grand Total: 153 creatures vanquished

Notes
Turn   | Place    | Note
-------+----------+-------------------------------------------
     0 | D:1      | croobank the Demonspawn Conjurer began the quest for the
                  | Orb.
     0 | D:1      | Reached XP level 1. HP: 13/13 MP: 3/3
   479 | D:1      | Gained mutation: You have a pair of small horns on your
                  | head. [demonic ancestry]
   479 | D:1      | Reached XP level 2. HP: 14/19 MP: 3/5
   579 | D:1      | Learned a level 2 spell: Searing Ray
  1693 | D:2      | You fall into a shaft and drop 1 floor!
  1753 | D:3      | Noticed a scorpion
  1763 | D:3      | Killed a scorpion
  1764 | D:3      | Gained mutation: You have a pair of horns on your head.
                  | [demonic ancestry]
  1764 | D:3      | Reached XP level 3. HP: 18/24 MP: 0/7
  1764 | D:3      | Gained mutation: You have an unusually large brain. (Int
                  | +2) [demonic ancestry]
  1764 | D:3      | Reached XP level 4. HP: 23/30 MP: 0/8
  2137 | D:2      | Found a snail-covered altar of Cheibriados.
  2601 | D:2      | Noticed Terence
  2621 | D:2      | Killed Terence
  2622 | D:2      | Reached XP level 5. HP: 29/36 MP: 1/9
  2688 | D:2      | Reached skill level 1 in Fighting
  2834 | D:2      | Learned a level 3 spell: Dazzling Flash
  2859 | D:2      | Found Yjuurpheca's Book Boutique.
  3112 | D:3      | Found a faded altar of an unknown god.
  3726 | D:3      | Noticed an ice beast
  3737 | D:3      | Killed an ice beast
  3738 | D:3      | Gained mutation: You are partially covered in sharp spines.
                  | [demonic ancestry]
  3738 | D:3      | Reached XP level 6. HP: 27/44 MP: 0/10
  3937 | D:4      | Found Arysenk's Weapon Boutique.
  3940 | D:4      | Found Buekitwa's Magic Scroll Shop.
  3948 | D:4      | Bought 2 scrolls of identify for 52 gold pieces
  3967 | D:4      | Reached skill level 1 in Hexes
  4007 | D:4      | Reached skill level 5 in Conjurations
  4267 | D:4      | Noticed a sky beast
  4275 | D:4      | Killed a sky beast
  4413 | D:4      | Found a staircase to the Ecumenical Temple.
  4524 | Temple   | Entered the Ecumenical Temple
  4617 | D:4      | Found Pauhikk's Antique Armour Shop.
  4716 | D:4      | Gained mutation: You are mostly covered in sharp spines.
                  | [demonic ancestry]
  4716 | D:4      | Reached XP level 7. HP: 51/51 MP: 8/12
  4950 | D:4      | Found Oreotum's Weapon Shop.
  5316 | D:4      | Found Vifeuci's Armour Boutique.
  5395 | D:4      | Found a shimmering altar of Xom.
  5936 | D:5      | Entered Level 5 of the Dungeon
  6195 | D:5      | Gained mutation: Spells you cast may paralyse adjacent
                  | enemies. [demonic ancestry]
  6195 | D:5      | Reached XP level 8. HP: 40/60 MP: 4/13
  6336 | D:5      | Identified a scroll of acquirement
  6338 | D:5      | Acquired the +0 cloak "Benanate" {Regen+ rCorr Str+2 Dex+4}
  7030 | D:5      | Reached skill level 5 in Fighting
  7076 | D:5      | Noticed Ijyb
  7089 | D:5      | Killed Ijyb
  7317 | D:6      | Noticed Duvessa
  7319 | D:6      | Noticed Dowan
  7569 | D:6      | Killed Duvessa
  7570 | D:6      | Reached skill level 5 in Stealth
  7570 | D:6      | Reached XP level 9. HP: 66/68 MP: 11/16
  7571 | D:6      | Killed Dowan
  7895 | D:6      | Found a runed translucent gate.
  7895 | D:6      | Found a runed translucent gate.
  7895 | D:6      | Found a runed translucent gate.
  7898 | D:6      | Noticed hawla's ghost (novice MeAE)
  8497 | D:7      | Found a flagged portal.
  8506 | Bailey   | Entered a bailey
  8510 | Bailey   | Learned a level 2 spell: Poisonous Vapours
  8539 | Bailey   | Reached skill level 1 in Poison Magic
  8543 | Bailey   | HP: 1/69 [gnoll sergeant/+0 halberd (6)]
  8546 | Bailey   | Slain by a gnoll sergeant

Illustrated notes

Levels and vault maps discovered:
D:1:      dpeg_arrival_stone_temple_mockup, layout_loops_corners
D:2:      layout_rooms, serial_shops, shop, basic_altar, uniq_terence
D:3:      layout_basic, basic_ecumenical_altar
D:4:      layout_basic, brannock_xom_greatest_gift,
          minmay_temple_entry_antechambers, serial_shops, kennysheep_mini_moat,
          nicolae_shop_crystal, nicolae_inconvenience_store,
          nicolae_shop_temple_entry_statues_fountains, nicolae_stop_n_shop_2
D:5:      layout_loops_ring, serial_bayou_ford_a, minmay_divided_ellipse,
          uniq_ijyb
D:6:      layout_rooms, ebering_ghost_rock_garden, st_stairs_5,
          nrook_mini_vaults, uniq_duvessa
D:7:      layout_loops_cross, enter_bailey_2, roderic_lattice_a, abandoned_shop,
          minivault_25, serial_park_tiny_2, uniq_pikel
Temple:   hellmonk_temple_of_storms
Bailey:   bailey_polearm_gnolls_kennysheep, bailey

Skill      XL: |  1  2  3  4  5  6  7  8  9 |
---------------+----------------------------+-----
Dodging        | 2 3 4 |  4.9
Stealth        | 2 3 4 5 |  5.3
Fighting       | 2 4 5 6 |  6.1
Spellcasting   | 3 4 |  4.9
Hexes          | 1 2 3 4 |  4.0
Conjurations   | 5 6 |  6.4
Poison Magic   | 1 |  1.0
Translocations | |  0.8
Air Magic      | |  0.9

Action                   |  1- 3 |  4- 6 |  7- 9 || total
-------------------------+-------+-------+-------++-------
Melee: Dagger            |    20 |    14 |   108 ||   142
       Punch             |     1 |       |     1 ||     2
       Headbutt          |     1 |     1 |    17 ||    19
 Cast: Magic Dart        |    40 |    68 |    30 ||   138
       Searing Ray       |     2 |    29 |    22 ||    53
       Dazzling Flash    |       |       |    20 ||    20
       Poisonous Vapours |       |       |     1 ||     1
  Use: Scroll            |       |    12 |    10 ||    22
       Potion            |       |       |     4 ||     4
 Stab: Sleeping          |     2 |       |     5 ||     7
       Paralysed         |       |       |    18 ||    18
       Invisible         |       |       |     2 ||     2
Armor: Robe              |     8 |       |       ||     8
       Ring mail         |     3 |    11 |    40 ||    54
Dodge: Dodged            |    15 |    10 |    76 ||   101
